Cogmind - Beta 10.2 @@@ ROGUE MODE // 2021.05.20 @ 00:17:52 Player: onyhow Result: Destroyed by G-34 Mercenary with Small Laser Performance ------------- Evolutions (0) 0 Regions Visited (2) 400 Robots Destroyed (22) 110 Value Destroyed (427) 427 Prototype IDs (3) 60 Alien Tech Used (0) 0 Bonus (0) 0 TOTAL SCORE: 997 Bonus ------- None Cogmind --------- Core Integrity 0/250 Matter 280/300 Energy 85/125 System Corruption 0% Temperature Cool (6) Movement Core (400) Ox7 Location -10/Mines Parts ------- > --- POWER (1) -------- Light Ion Engine > --- PROPULSION (2) --- (None) > --- UTILITY (2) ------ Medium Storage Unit Medium Storage Unit > --- WEAPON (2) ------- Particle Cannon Light Assault Rifle > --- INVENTORY (12) --- Heat Sink Sensor Array Medium Armor Plating Medium Armor Plating Particle Cannon Mining Laser Heavy Hammer Heavy Hammer Heavy Hammer Heavy Hammer Peak State ------------ > --- POWER ------------ Ion Engine > --- PROPULSION ------- Light Treads Light Treads > --- UTILITY ---------- Small Storage Unit Medium Storage Unit > --- WEAPON ----------- Heavy Hammer Heavy Hammer > --- INVENTORY -------- Light Ion Engine Light Ion Engine Heat Sink Sensor Array Medium Armor Plating Heavy Hammer Heavy Hammer [Rating: 10] Favorites ----------- Power Ion Engine Engine Ion Engine Propulsion Light Treads Treads Light Treads Leg Aluminum Leg Utility Medium Storage Unit Storage Medium Storage Unit Weapon Heavy Hammer Energy Gun Medium Laser Energy Cannon Particle Cannon Ballistic Gun Light Assault Rifle Impact Weapon Heavy Hammer Build | -11 -10 -10 ------- Run | Scr Mat Min Slots Evolved . | . . . Power . | . . . Propulsion . | . . . Utility . | . . . Weapon . | . . . Parts Attached 21 | 7 10 4 Power 3 | 1 . 2 Engine 3 | 1 . 2 Core . | . . . Reactor . | . . . Propulsion 4 | 2 2 . Treads 2 | . 2 . Leg 2 | 2 . . Wheel . | . . . Hover . | . . . Flight . | . . . Utility 4 | 2 2 . Device . | . . . Storage 4 | 2 2 . Processor . | . . . Hackware . | . . . Protection . | . . . Artifact . | . . . Weapon 10 | 2 6 2 Energy Gun 1 | . 1 . Energy Cannon 1 | . . 1 Ballistic Gun 6 | 2 3 1 Ballistic Cannon . | . . . Launcher . | . . . Special Weapon . | . . . Impact Weapon 2 | . 2 . Slashing Weapon . | . . . Piercing Weapon . | . . . Special Melee Weapon . | . . . Unidentified Prototypes . | . . . Parts Lost 8 | . 5 3 Power 1 | . . 1 Propulsion 4 | . 2 2 Utility . | . . . Weapon 3 | . 3 . Highest Loss Streak 5 | . 5 2 Average Slot Usage (%) 98 | . 98 99 Engine 13 | . 14 13 Treads 19 | . 17 28 Leg 8 | . 10 . Storage 28 | . 28 28 Ballistic Gun 9 | . 11 . Impact Weapon 17 | . 14 28 Naked Turns . | . . . Heaviest Build 27 | 15 27 27 Greatest Support 40 | 20 40 40 Greatest Overweight (x) 1 | 1 1 . Average Overweight (x) . | . . . Largest Inventory Capacity 12 | 8 12 12 Average Capacity 10 | 6 9 12 Most Carried 11 | 5 11 11 Average Carried 7 | 3 7 10 Final Capacity 12 | 8 12 12 Final Carried 10 | 5 10 10 Class Distribution -------------------- 100% | Mutant Dominant Class ---------------- Mutant | -10/Materials Mutant | -10/Mines Resources | -11 -10 -10 ----------- Run | Scr Mat Min Matter Collected 480 | 261 189 30 Remotely . | . . . Salvage Created 681 | 83 500 98 Parts 41 | 3 37 1 Haulers Intercepted . | . . . Recyclers Shooed 1 | . 1 . Parts Field Recycled . | . . . Retrieved Matter . | . . . Parts Self-Destructed . | . . . Prevented . | . . . Kills | -11 -10 -10 ------- Run | Scr Mat Min Combat Hostiles Destroyed 16 | . 14 2 Melee 1 | . . 1 Guns 14 | . 14 . Classes Destroyed 5 | 1 4 . Recycler 2 | 1 1 . Operator 1 | . 1 . Watcher 3 | . 3 . Swarmer 9 | . 9 . Grunt 7 | . 5 2 Best Kill Streak 5 | 1 5 2 Combat Bots Only 5 | . 5 2 Max Kills in Single Turn 1 | 1 1 1 Gunslinging . | . . . Exploded . | . . . Melee 1 | . . 1 Uniques/NPCs Destroyed . | . . . Combat | -11 -10 -10 -------- Run | Scr Mat Min Damage Taken 1197 | . 813 384 Core 258 | . 161 97 Absorbed by Shields . | . . . Core Remaining (%) 100 | 100 . . Volleys Fired 68 | 1 67 . Largest 2 | 2 2 . Hottest 70 | 40 70 . Shots Fired 129 | 2 127 . Gun 129 | 2 127 . Cannon . | . . . Launcher . | . . . Special . | . . . Kinetic 115 | 2 113 . Thermal 14 | . 14 . Explosive . | . . . Electromagnetic . | . . . Robot Hit Streak 16 | 2 16 . Robot Miss Streak 4 | . 4 . Penetration Max . | . . . Secondary Targets 3 | . 3 . Max Gunslinging Chain 1 | . 1 . Shots Hit Robots 95 | 2 81 12 Core Hits 32 | 2 28 2 Critical Hits . | . . . Critical Kills . | . . . Critical Parts Destroyed . | . . . Melee Attacks 20 | . 4 16 Impact 20 | . 4 16 Slashing . | . . . Piercing . | . . . Sneak Attacks 1 | . 1 . Combat Hostiles . | . . . Follow-up Attacks 3 | . 1 2 Damage Inflicted 1190 | 17 839 334 Guns 663 | 17 646 . Cannons . | . . . Explosions . | . . . Melee 513 | . 179 334 Ramming 14 | . 14 . Kinetic 562 | 17 545 . Thermal 101 | . 101 . Explosive . | . . . Electromagnetic . | . . . Impact 513 | . 179 334 Slashing . | . . . Piercing . | . . . Highest Corruption . | . . . Average Corruption . | . . . Corruption Purged . | . . . Overload Shots . | . . . Overflow Damage 101 | . 78 23 Projectiles . | . . . Explosions . | . . . Melee 101 | . 78 23 Knockbacks 6 | . 2 4 Impact 6 | . 2 4 Kinetic . | . . . Secondary . | . . . Self-Inflicted Damage 7 | . 7 . Shots . | . . . Rammed 1 | . 1 . Targets Rammed 1 | . 1 . Kicked . | . . . Crushed . | . . . Highest Temperature 140 | . 140 . Average Temperature 36 | . 36 . Received Heat Transfer 435 | . 216 219 Siege Activations . | . . . Robots Corrupted . | . . . Combat Hostiles . | . . . Parts Fried 4 | . 4 . Impact Corruptions 6 | . 4 2 Robots Melted . | . . . Combat Hostiles . | . . . Parts Melted . | . . . Heat Transferred 296 | . 296 . Parts Sabotaged . | . . . Parts Stolen . | . . . Parts Stripped . | . . . Power Chain Reactions . | . . . Missiles Intercepted . | . . . Alert | -11 -10 -10 ------- Run | Scr Mat Min Peak Influence 346 | 5 346 84 Initial 49 | . 3 49 Average 147 | 2 185 63 Maximum Alert Level 1 | . 1 . Low Security (%) 62 | 100 48 100 Level 1 37 | . 51 . Level 2 . | . . . Level 3 . | . . . Level 4 . | . . . Level 5 . | . . . High Security . | . . . Max Security . | . . . Squads Dispatched 3 | . 3 . Investigation . | . . . Extermination . | . . . Reinforcement 3 | . 3 . Assault . | . . . Garrison . | . . . Intercept . | . . . Construction Impeded . | . . . Haulers Reinforced . | . . . Stealth | -11 -10 -10 --------- Run | Scr Mat Min Distress Signals 1 | . 1 . Communications Jammed . | . . . Distress Signals . | . . . Times Spotted 37 | . 33 4 Peak Tracking Total 4 | . 4 2 Tactical Retreats 2 | . 2 . Traps | -11 -10 -10 ------- Run | Scr Mat Min Traps Triggered . | . . . Indirectly . | . . . Trap Hack Attempts . | . . . Triggered . | . . . Disarmed 4 | . 4 . Reprogrammed . | . . . Reused . | . . . Traps Extracted . | . . . Installed . | . . . Triggered . | . . . Machines | -11 -10 -10 ---------- Run | Scr Mat Min Machines Disabled 1 | . . 1 Max in Single Turn . | . . . Machines Sabotaged . | . . . Garrisons Compromised . | . . . Overloaded Fab Kills . | . . . Fab Network Shutdowns . | . . . Hacking | -11 -10 -10 --------- Run | Scr Mat Min Machines Accessed 6 | . 5 1 Terminals 6 | . 5 1 Fabricators . | . . . Repair Stations . | . . . Recycling Units . | . . . Scanalyzers . | . . . Garrison Access . | . . . Total Hacks 18 | . 14 4 Successful 11 | . 10 1 Failed 7 | . 4 3 Catastrophic 1 | . . 1 Database Lockouts . | . . . Manual 9 | . 5 4 Terminals 18 | . 14 4 Fabricators . | . . . Repair Stations . | . . . Recycling Units . | . . . Scanalyzers . | . . . Garrison Access . | . . . Terminal Hacks 11 | . 10 1 Part Schematic 2 | . 1 1 Prototype ID Bank 3 | . 3 . Branch Access Points 1 | . 1 . Emergency Access Points 1 | . 1 . Alert Level 2 | . 2 . Disarm Traps 1 | . 1 . Zone Layout 1 | . 1 . Fabricator Hacks . | . . . Repair Station Hacks . | . . . Recycling Unit Hacks . | . . . Scanalyzer . | . . . Garrison Access Hacks . | . . . Unauthorized Hacks . | . . . Terminals . | . . . Fabricators . | . . . Repair Stations . | . . . Recycling Units . | . . . Scanalyzers . | . . . Garrison Access . | . . . Data Cores Recovered . | . . . Used . | . . . Hacking Detections 6 | . 5 1 Full Trace Events . | . . . Feedback Events . | . . . Feedback Blocked . | . . . Robot Schematics Acquired . | . . . Robots Built . | . . . Matter . | . . . Time . | . . . Total Robot Build Rating . | . . . Part Schematics Acquired 2 | . 1 1 Parts Built . | . . . Matter . | . . . Time . | . . . Total Part Build Rating . | . . . Parts Repaired . | . . . Time . | . . . Parts Recycled . | . . . Recycled Matter . | . . . Retrieved Matter . | . . . Retrieved Components . | . . . Parts Scanalyzed . | . . . Part Schematics Acquired . | . . . Parts Damaged . | . . . Bothacking | -11 -10 -10 ------------ Run | Scr Mat Min Used RIF Installer . | . . . Robots Hacked . | . . . Non-combat . | . . . Combat . | . . . Robot Hacks Applied . | . . . Relay Couplers Released . | . . . Robots Rewired . | . . . Allies Hacked . | . . . Hacks Repelled . | . . . Allies | -11 -10 -10 -------- Run | Scr Mat Min Total Allies 1 | . . 1 Largest Group 1 | . . 1 Highest-Rated Group 31 | . . 31 Highest-Rated Ally 31 | . . 31 Total Orders . | . . . Ally Attacks 6 | . . 6 Total Damage 63 | . . 63 Kills . | . . . Allies Corrupted . | . . . Allies Melted . | . . . Intel | -11 -10 -10 ------- Run | Scr Mat Min Robot Analysis Total . | . . . Derelict Logs Recovered . | . . . Drone Launches . | . . . Drone Recoveries . | . . . Exploration | -11 -10 -10 ------------- Run | Scr Mat Min Turns Passed 1466 | 98 1061 307 Spaces Moved 814 | 74 580 160 Core 22 | 22 . . Treads 529 | . 369 160 Legs 263 | 52 211 . Wheels . | . . . Hover . | . . . Flight . | . . . Fastest Speed 50 | 50 120 160 Average Speed 144 | 103 145 160 Slowest Speed 160 | 120 160 160 Overloaded Moves . | . . . Propulsion Burnouts . | . . . Robots Hopped . | . . . Cave-ins Triggered . | . . . Exploration Rate (%) 40 | 6 76 40 Regions Visited 2 Branch Regions 1 Pre-discovered Areas . | . . . Known Exits Taken 1 | . 1 . Unknown Exits Taken 1 | 1 . . Scrap Searched 2 | . . 2 Spaces Dug . | . . . Terrain Destroyed . | . . . Melee . | . . . Projectile . | . . . AOE . | . . . Terrain Rammed . | . . . Walls Destroyed . | . . . Machines Disabled . | . . . Actions | -11 -10 -10 --------- Run | Scr Mat Min Total 960 | 93 686 181 Wait 8 | . 8 . Move 812 | 73 579 160 Hop . | . . . Pick Up 28 | 12 14 2 Fast Attach . | . . . Attach 13 | 7 5 1 Detach . | . . . Swap 8 | . 5 3 Drop 5 | . 4 1 Fire 68 | 1 67 . Melee 17 | . 3 14 Ram . | . . . Kick 1 | . 1 . Crush . | . . . Escape Stasis . | . . . Rewire . | . . . Trap . | . . . Miscellaneous . | . . . Route ------- -11/Scrapyard -10/Materials (discovered 4 exits: [*Mat x2] / *Min x2) -10/Mines History --------- Turn | Location | Event 3 | -11/Scrapyard | Discovered new exit (range 15) 99 | -11/Scrapyard | Entered Materials 328 | -10/Materials | Build established: Mutant 380 | -10/Materials | Identified exit to Mines 536 | -10/Materials | Core integrity fell below 50% 568 | -10/Materials | Lost 5 parts (2n3w) 730 | -10/Materials | Discovered new exit (range 19) 1111 | -10/Materials | Discovered new exit (range 10) 1160 | -10/Materials | Entered Mines 1168 | -10/Mines | Received a Mining Laser from a helpful Derelict 1325 | -10/Mines | Core integrity fell below 20% 1467 | -10/Mines | Destroyed by G-34 Mercenary with Small Laser Last Messages --------------- 01337_ R-06 Scavenger collects Aluminum Leg. 01338_ R-06 Scavenger collects Lgt. Angular Momentum Engine. 01339_ G-34 Mercenary knocked back. 01344_ Destroyed Sml. Laser. 01344_ G-34 Mercenary system corrupted by crushing effect. 01344_ G-34 Mercenary knocked back. 01347_ Destroyed Heat Sink. 01347_ G-34 Mercenary system corrupted by crushing effect. 01348_ G-34 Mercenary system terminally corrupted. 01351_ Acquired 10 matter. 01360_ Connecting with Terminal... >>Schematic(Lrg. Storage Unit) Downloading schematic... Lrg. Storage Unit Rating: 1 Schematic downloaded. 01360_ Connecting with Terminal... 01424_ K-01 Serf collects debris. 01461_ Hvy. Hammer follow-up attack on G-34 Mercenary. 01461_ Lgt. Treads destroyed. Map ----- +----------------------------------------------------+ | ### ?????## #??????????????????????????????? | | ????## #??????????????????????????????? | | ???## #???????????????????????????????? | | ???# ##??????????????????????????????? | | """ ##?# ##?????????????????????????????? | | """ ### #?????????????????????????????? | | """ ##??????????????????##########? | | ##?????????????????# #? | | # ### #########?????????# """ ## | | # ##?## !%% #?????????# """ T# | | # #??## %! #????######% %""" ## | | # ##?## #####% #????# #? | | ## ###??# #???# *###### ### % " #? | | ?## ###????# ##??# #?# """ #? | | ??# ####???# #### #?# """ #? | | ??# ##??# ###### ##?# #? | | ?## ##?# ###### ##?##########? | | ?# #?# ### ## ##??????? | | #?# ## #### #??????? | | #### ##?## ### ### #??????? | | # ##??# ##???# ##?## #?# ##??????? | | ## #???# #????# #???#####?##### ##???????? | | ?## ##???# #????# #?????????????## ##????????? | | ??###?????# ###### ##?????######??## ##?????????? | | ??????????# ###### #???####??????????? | | ??????????# ####### @ g #?????????????????? | | ??????????# #?????######## g #?????????????????? | | ?# #### ####?????????? """ #?????????????????? | | ???# #???????????""" #?????????????????? | | ??# ###### #??#####????""" #?????????????????? | | ?????????????# #?## ####??####?????????????????? | | ?????????????# #?# ##??????????????????????? | | ?????????????# #?# ##?????????????????????? | | ?????????????# #?# ##????????????????????? | | ?????????????# ### ## ##???????????????????? | | ???????????### ## #### #???????????????????? | | ???????????# #??# #???????????????????? | | ???????????# #??## ##???????????????????? | | ???????????# ### ##???####????????????????????? | | ?????????? ??#####????????????????????????????? | | ????????# ???????????????????????????????????? | | ??????? """???????????????????????????????????? | | ?????# # """???????????????????????????????????? | | ?????#?## """???????????????????????????????????? | | ????????## ???????????????????????????????????? | | ?????????#???????????????????????????????????????? | | ?????????????????????????????????????????????????? | | ?????????????????????????????????????????????????? | | ?????????????????????????????????????????????????? | | ?????????????????????????????????????????????????? | +----------------------------------------------------+ Best States ------------- Heat Dissipation 25 Energy Generation 10 Energy Capacity 250 Matter Stores 300 Matter Capacity 300 Sight Range 16 Terrain Scan Density 10 Evasion (%) 40 Recoil Reduction 2 Item Schematics ----------------- Med. Storage Unit | -10/Materials | Hacked Lrg. Storage Unit | -10/Mines | Hacked Robot Schematics ------------------ None Fabricated ------------ Nothing Alien Tech Used ----------------- None Achievements -------------- None Challenges ------------ None Game ------ Seed OmegaSiegeTendrils Manual? 0 Play Time 00:12:56 Cumulative 84.9 hours Start 2021.05.19 @ 12:33:38 End 2021.05.20 @ 00:17:52 Sessions 3 Manual Loads 0 Difficulty Rogue Special Mode None Game No. 57 Rogue 57 Adventurer 0 Explorer 0 Win Type - Total 0 Types 0/0/0/0/0/0/0/0/0 Lore% 25 Gallery% 45 Achievement% 31 Wizard Run 0 Options --------- ASCII 0 Keyboard 0 Movement Mouse Keybinds 0 Fullscreen 2 Font 18/SmallcapsGlow Map View 76x50 Tactical HUD 1 Map Filters NONE Filters NONE Steam 1 RUN: 17d434bf-7a5e-4dcb-a65f-dc2111a3c3f5